 Dungeon Crawl Stone Soup version 0.21-a0-364-gbd1fde4 (webtiles) character file.

10901 HAL9000 the Slicer (level 11, 0/50 HPs)
             Began as a Vine Stalker Assassin on Oct 14, 2017.
             Was an Elder of Dithmenos.
             Killed by the air
             ... invoked by Gastronok
              (33 damage)
             ... on level 10 of the Dungeon.
             The game lasted 00:31:20 (10058 turns).

HAL9000 the Slicer (Vine Stalker Assassin)         Turns: 10058, Time: 00:31:23

Health: 0/50       AC: 13    Str: 15    XL:     11   Next: 69%
Magic:  0/12       EV: 10    Int: 13    God:    Dithmenos [****..]
Gold:   199        SH: 10    Dex: 16    Spells: 2/10 levels left

rFire    + . .     SeeInvis .   b - +0 blowgun
rCold    + + .     Gourm    .   D - +0 buckler
rNeg     . . .     Faith    .   u - quicksilver dragon scales
rPois    +         Spirit   +   (no helmet)
rElec    .         Reflect  +   s - scarf {rC+ rF+}
rCorr    .         Harm     .   Q - +1 pair of gloves
MR       ++...                  M - +1 pair of boots {Fly}
Stlth    +++.......             k - +5 amulet of reflection
HPRegen  0.56/turn              q - ring of protection from cold
MPRegen  0.13/turn              O - ring of poison resistance

@: flying, wreathed by umbra
A: fangs 3, regeneration 1, magic shield, antimagic bite, no potion heal 3, rot
immunity
a: Shadow Step, Renounce Religion, Stop Flying


You were on level 10 of the Dungeon.
You worshipped Dithmenos.
Dithmenos was greatly pleased with you.
You were not hungry.

You visited 1 branch of the dungeon, and saw 10 of its levels.

You collected 511 gold pieces.
You spent 312 gold pieces at shops.

Inventory:

Hand Weapons
 a - a +0 dagger of freezing
 b - a +0 blowgun (weapon)
 T - a +1 rapier of speed
Missiles
 e - 5 poisoned needles (quivered)
 j - 3 tomahawks
 p - 6 needles of sleeping
 H - 7 steel tomahawks
Armour
 s - a scarf of resistance (worn)
 u - quicksilver dragon scales (worn)
 D - a +0 buckler (worn)
 J - the +1 leather armour of Kleptomania {rElec Str+3}
   (You found it on level 4 of the Dungeon)

   It affects your strength (+3).
   It insulates you from electricity.
 M - a +1 pair of boots of flying (worn)
 Q - a +1 pair of gloves (worn)
Jewellery
 k - a +5 amulet of reflection (around neck)
 q - a ring of protection from cold (left hand)
 y - an uncursed ring of protection from fire
 O - a ring of poison resistance (right hand)
Wands
 d - a wand of polymorph (15/24)
 m - a wand of iceblast (5/15)
 x - a wand of digging (11/24)
 C - a wand of lightning (0/15)
 E - a wand of acid (2/15)
 K - a wand of polymorph (17/24)
 N - a wand of polymorph (9/24)
 R - a wand of iceblast (7/15)
 U - a wand of digging (8/24)
 W - a wand of disintegration (9/24)
Scrolls
 l - 5 scrolls of magic mapping
 o - 2 scrolls of teleportation
 v - 2 scrolls of enchant weapon
 w - 3 scrolls of fog
 F - 4 scrolls of remove curse
 I - a scroll of vulnerability {unknown}
 P - 2 scrolls of enchant armour
 V - a scroll of noise {unknown}
Potions
 c - a potion of berserk rage {unknown}
 h - a potion of might {unknown}
 i - a potion of curing {unknown}
 A - a potion of invisibility {unknown}
 L - 2 potions of brilliance {unknown}
 S - 2 potions of flight {unknown}
 X - 3 potions of lignification
 Y - 2 potions of haste {unknown}
 Z - a potion of magic {unknown}
Books
 G - a book of Misfortune

   Spells                             Type                      Level
   a - Confusing Touch                Hexes                        1
   b - Confuse                        Hexes                        3
   c - Gell's Gravitas                Translocation                3
   d - Petrify                        Transmutation/Earth          4
   e - Metabolic Englaciation         Hexes/Ice                    5
   f - Yara's Violent Unravelling     Hexes/Transmutation          5
Comestibles
 g - 8 bread rations
 n - 5 chunks of flesh
 r - 9 royal jellies
 t - a fruit
 z - 6 meat rations


   Skills:
 - Level 1.7 Fighting
 + Level 13.6 Short Blades
 - Level 1.7 Throwing
 - Level 0.7 Dodging
 - Level 4.8 Stealth
 - Level 4.0 Shields
 - Level 8.6 Hexes


You had 2 spell levels left.
You knew the following spells:

 Your Spells              Type           Power        Failure   Level  Hunger
a - Yara's Violent Unrav  Hex/Tmut       ##........   96%         5    ######.
x - Confuse               Hex            ###.....     5%          3    ####...


Dungeon Overview and Level Annotations

Branches:
Dungeon (10/15)            Temple (0/1) D:6
   Lair: D:8-11         Orc: D:9-12

Altars:
Cheibriados
Dithmenos
Kikubaaqudgha
Makhleb
Ru
Uskayaw

Shops:
D:4 =[   D:5 %   D:7 %

Annotations:
D:10 Gastronok


Innate Abilities, Weirdness & Mutations

You have razor-sharp teeth.
Your natural rate of healing is unusually fast.
When hurt, damage is shared between your health and your magic reserves.
Your bite disrupts and absorbs the magic of your enemies.
Potions cannot restore your health.
You are immune to rotting.


Message History

The quokka closely misses you.
You hit the quokka.
The quokka is heavily wounded.
You puncture the quokka!
You kill the quokka!
The quokka's corpse disappears in a puff of smoke!
Gastronok looks more healthy.
Wield which item (- for none, * to show all)? (? for menu, Esc to quit)
b - a +0 blowgun (weapon)
Firing (i - inventory. (,) - cycle):
f - a curare-tipped needle (quivered)
Press: ? - help, Shift-Dir - straight line, f/p - Gastronok
Aim: Gastronok, wearing an embroidered hat (heavily wounded)
You shoot a curare-tipped needle.
The curare-tipped needle hits Gastronok.
Gastronok is poisoned.
Gastronok convulses.
Gastronok seems to slow down.
Gastronok is heavily wounded.
Gastronok waves his eye-stalks in wide circles.
The air twists around and violently strikes you in flight!
Ouch! That really hurt!
You die...

#..........# #..........#
#..........# #..........#
#..........#
#(.........#####
#..............######.
#....>................
#..........###@#########
###........ยงยง#...........#
........(#####.#.######.##
....####(# #.#.# #.# ....
#.#####.#.# #.# ....
#(..<...#w######.# ....
#.(...(..(.......# ....
#.########.####### ....
#.#....w....!..#


You could see Gastronok.

Vanquished Creatures
  A two-headed ogre (D:8)
  2 unseen horrors (D:10)
  2 komodo dragons
  A troll (D:10)
  Grinder (D:5)
  2 hippogriffs
  Sigmund (D:5)
  11 yaks
  A wraith (D:10)
  4 hogs (D:8)
  A human (D:8)
  2 hungry ghosts (D:10)
  A steam dragon (D:9)
  Edmund (D:4)
  4 orc warriors
  2 black bears
  4 sky beasts
  An eye of draining (D:10)
  An ice beast (D:9)
  2 phantoms
  6 ogres
  A necrophage (D:7)
  2 centaurs (D:9)
  A crocodile (D:10)
  3 bullfrogs
  A gnoll sergeant (D:9)
  A wyvern skeleton (D:10)
  3 scorpions
  5 wights (D:8)
  4 electric eels (D:10)
  4 howler monkeys
  6 crimson imps
  2 bullfrog zombies
  A centaur zombie (D:6)
  2 quasits
  9 hounds
  8 orc priests
  A bullfrog skeleton (D:7)
  A centaur skeleton (D:9)
  6 iguanas
  7 orc wizards
  Ijyb (D:5)
  9 worker ants
  A hound skeleton (D:4)
  A worker ant zombie (D:8)
  12 adders
  8 gnolls (D:9)
  2 shadow imps
  2 adder skeletons
  2 dart slugs
  3 leopard geckos
  31 orcs
  4 bats
  A bat zombie (D:2)
  4 giant cockroaches
  7 goblins
  8 hobgoblins
  2 jackals (D:9)
  2 kobolds
  5 quokkas
  2 ball pythons
  4 frilled lizards
  A leopard gecko skeleton (D:4)
  2 leopard gecko zombies (D:5)
  4 rats
237 creatures vanquished.

Notes
Turn   | Place    | Note
-------+----------+-------------------------------------------
     0 | D:1      | HAL9000 the Vine Stalker Assassin began the quest for the Orb.
     0 | D:1      | Reached XP level 1. HP: 11/11 MP: 2/2
    92 | D:1      | Reached skill level 2 in Short Blades
   420 | D:1      | Reached XP level 2. HP: 8/15 MP: 1/3
  1465 | D:2      | Reached skill level 3 in Short Blades
  1465 | D:2      | Reached XP level 3. HP: 18/18 MP: 4/4
  1545 | D:2      | Found a burning altar of Makhleb.
  1546 | D:2      | Found a shadowy altar of Dithmenos.
  1702 | D:2      | Found an ancient bone altar of Kikubaaqudgha.
  2506 | D:3      | Gained mutation: Your natural rate of healing is unusually fast. [Vine Stalker growth]
  2506 | D:3      | Reached XP level 4. HP: 14/23 MP: 2/5
  2747 | D:3      | Reached skill level 4 in Short Blades
  2910 | D:3      | Learned a level 3 spell: Confuse
  3041 | D:4      | Found Huzohets's Antique Armour Shoppe.
  3048 | D:4      | Noticed a phantom
  3097 | D:4      | Killed a phantom
  3097 | D:4      | Reached skill level 1 in Hexes
  3097 | D:4      | Reached XP level 5. HP: 26/26 MP: 6/6
  3132 | D:4      | Found Huyb Tyd's Jewellery Emporium.
  3274 | D:4      | Got a blackened leather armour
  3312 | D:4      | Identified the cursed +1 leather armour of Kleptomania {rElec Str+3} (You found it on level 4 of the Dungeon)
  3350 | D:4      | Noticed Edmund
  3359 | D:4      | Killed Edmund
  3359 | D:4      | Reached skill level 5 in Short Blades
  3359 | D:4      | Reached XP level 6. HP: 30/30 MP: 7/7
  3444 | D:4      | Bought a pair of runed boots for 120 gold pieces
  3898 | D:5      | Entered Level 5 of the Dungeon
  3899 | D:5      | Reached XP level 7. HP: 34/34 MP: 8/8
  3934 | D:5      | Noticed Ijyb
  3987 | D:5      | Killed Ijyb
  3987 | D:5      | Reached skill level 6 in Short Blades
  4055 | D:5      | Noticed Grinder
  4057 | D:5      | Paralysed by Grinder for 4 turns
  4077 | D:5      | Paralysed by Grinder for 6 turns
  4082 | D:5      | HP: 1/34 [Grinder/nerve-wracking pain (2)]
  4092 | D:5      | Paralysed by Grinder for 5 turns
  4099 | D:5      | Killed Grinder
  4099 | D:5      | Reached skill level 5 in Hexes
  4099 | D:5      | Gained mutation: You have razor-sharp teeth. [Vine Stalker growth]
  4099 | D:5      | Reached XP level 8. HP: 11/38 MP: 4/9
  4158 | D:5      | Found a sacrificial altar of Ru.
  4279 | D:2      | Became a worshipper of Dithmenos the Shadowed
  4397 | D:5      | Noticed Sigmund
  4567 | D:5      | Reached skill level 7 in Short Blades
  4604 | D:5      | Found Gigi's Food Shoppe.
  4648 | D:5      | Killed Sigmund
  4982 | D:6      | Reached * piety under Dithmenos
  5083 | D:6      | Found a staircase to the Ecumenical Temple.
  5182 | D:6      | Reached skill level 8 in Short Blades
  5182 | D:6      | Reached XP level 9. HP: 42/42 MP: 10/10
  5192 | D:6      | Learned a level 5 spell: Yara's Violent Unravelling
  5340 | D:7      | Found Vot Woalet's Food Shop.
  5566 | D:4      | Bought a pair of embroidered gloves for 120 gold pieces
  5566 | D:4      | Bought a buckler for 72 gold pieces
  5731 | D:7      | Found a hide-covered altar of Uskayaw.
  5731 | D:7      | Found a snail-covered altar of Cheibriados.
  6176 | D:7      | Reached skill level 9 in Short Blades
  6548 | D:8      | Reached XP level 10. HP: 36/46 MP: 11/11
  6587 | D:8      | Reached skill level 10 in Short Blades
  6868 | D:8      | Reached ** piety under Dithmenos
  7029 | D:8      | Noticed a two-headed ogre
  7041 | D:8      | Killed a two-headed ogre
  7041 | D:8      | Reached skill level 11 in Short Blades
  7821 | D:9      | Reached skill level 12 in Short Blades
  7984 | D:9      | Reached *** piety under Dithmenos
  8257 | D:9      | Reached XP level 11. HP: 50/50 MP: 12/12
  8643 | D:10     | Entered Level 10 of the Dungeon
  8746 | D:10     | Reached skill level 1 in Shields
  8778 | D:10     | Reached skill level 13 in Short Blades
  9425 | D:10     | Killed an unseen horror
  9585 | D:10     | Killed an unseen horror
  9683 | D:10     | Reached **** piety under Dithmenos
  9973 | D:10     | Noticed Gastronok
 10058 | D:10     | Killed from afar by Gastronok

Vault maps used:
D:1:      saegor_arrival_simple_a, minmay_hexomino_u4
D:2:      gammafunk_temple_overflow_pools, lemuel_zombie_altar_kikubaaqudgha,
          first_bread
D:4:      serial_shops, nicolae_shop_behind_doors, nicolae_shop_stone,
          uniq_edmund
D:5:      lemuel_crystal_altar, serial_shops, nicolae_shop_stone,
          hangedman_abyss_or_decor_lesser_grid, uniq_sigmund, uniq_ijyb,
          uniq_grinder
D:6:      minmay_temple_entry_fiery
D:7:      chequers_temple_overflow_statue_of_worship, serial_shops,
          nicolae_shop_trees
D:8:      grunt_livestock
D:10:     kennysheep_another_room, uniq_gastronok

Skill      XL: |  1  2  3  4  5  6  7  8  9 10 11 |
---------------+----------------------------------+-----
Short Blades   | 2 3 4 5 6 8 9 12 13 | 13.6
Hexes          | 1 3 5 7 8 |  8.6
Shields        | 4 |  4.0
Fighting       | |  1.7
Throwing       | |  1.7
Dodging        | |  0.7
Stealth        | |  4.8

Action                   |  1- 3 |  4- 6 |  7- 9 | 10-12 || total
-------------------------+-------+-------+-------+-------++-------
Melee: Dagger            |    89 |    97 |    71 |       ||   257
       Bite              |    20 |    41 |   130 |   244 ||   435
       Rapier            |       |       |   316 |   634 ||   950
 Fire: Blowgun           |       |     2 |     3 |    16 ||    21
Throw: Javelin           |       |    11 |     5 |     6 ||    22
       Tomahawk          |       |     3 |     9 |     1 ||    13
 Cast: Confuse           |       |       |     5 |       ||     5
Evoke: Wand              |       |       |     2 |       ||     2
  Use: Scroll            |       |     8 |     8 |     1 ||    17
 Stab: Sleeping          |     6 |     2 |     6 |     7 ||    21
       Confused          |       |       |     2 |       ||     2
       Distracted        |       |       |       |     1 ||     1
  Eat: Chunk             |     4 |     5 |     9 |    14 ||    32
Armor: Robe              |    23 |     4 |       |       ||    27
       Leather armour    |       |     9 |    26 |       ||    35
       Quicksilver drago |       |       |    66 |   134 ||   200
Dodge: Dodged            |    39 |    38 |   128 |    93 ||   298
Block: Buckler           |       |       |     7 |   101 ||   108
       Reflection        |       |       |       |     6 ||     6

Table legend:
 A = Spawn XP
 B = Non-spawn XP
 C = Spawn XP percentage of total XP
 D = Spawn monster count
 E = Non-spawn monster count
 F = Spawn count percentage of total count
 G = Total turns spent on level
                    A         B        C        D         E        F      G
               +---------+---------+-------+---------+---------+-------+---------
         Total |       0 |   15573 |   0.0 |       0 |     237 |   0.0 | 10058
               +---------+---------+-------+---------+---------+-------+---------
           D:1 |       0 |      24 |   0.0 |       0 |      12 |   0.0 |  1452
           D:2 |       0 |      38 |   0.0 |       0 |      15 |   0.0 |  1067
           D:3 |       0 |      54 |   0.0 |       0 |      14 |   0.0 |   653
           D:4 |       0 |     478 |   0.0 |       0 |      13 |   0.0 |  1075
           D:5 |       0 |    1337 |   0.0 |       0 |      24 |   0.0 |   735
           D:6 |       0 |     532 |   0.0 |       0 |      20 |   0.0 |   538
           D:7 |       0 |    1446 |   0.0 |       0 |      18 |   0.0 |   755
           D:8 |       0 |    3294 |   0.0 |       0 |      26 |   0.0 |  1083
           D:9 |       0 |    2865 |   0.0 |       0 |      42 |   0.0 |  1285
          D:10 |       0 |    5505 |   0.0 |       0 |      53 |   0.0 |  1415
               +---------+---------+-------+---------+---------+-------+---------
